Map: Tempio ghiacciato

Players

Jhyrachy

  • Race: Zerg Zerg
  • League: Gold

Eatlead - Winner!

  • Race: Protoss Protoss

VOD

Have the link to the VOD?

Description

Time

  • Played on: April 8, 2016, 3 p.m.
  • Length: 13:13
Show
View Real Time Build Order
Export as new Build Order

Jhyrachy Zerg 

Build Orders: Hatch First 

Get SALT Encoding   

  12  0:01  Drone  
  13  0:08  Drone  
  14  0:17  Overlord  
  14  0:36  Drone x3  
  17  0:56  Drone  
  18  0:59  Hatchery  
  18  1:04  Drone, Extractor  
  18  1:09  Drone  
  18  1:20  Spawning Pool  
  18  1:24  Drone  
  18  1:41  Drone  
  18  1:42  Overlord  
  19  2:09  Metabolic Boost  
  19  2:12  Queen  
  19  2:13  Queen  
  19  2:14  Zergling x2  
  19  2:15  Zergling x4  
  26  2:25  Zergling x4  
  24  2:52  Roach Warren  
  23  2:59  Drone x2  
  23  3:00  Drone  
  26  3:19  Spine Crawler  
  25  3:27  Lair  
  25  3:31  Extractor  
  24  3:37  Spine Crawler  
  24  4:17  Roach  
  24  4:18  Roach x2  
  24  4:19  Overlord x2  
  32  4:53  Roach x3  
  36  5:09  Spore Crawler  
  35  5:24  Roach x3  
  41  5:32  Spire  
  40  5:41  Ravager x3  
  42  6:31  Queen  
  44  6:38  Spore Crawler  
  37  6:51  Spore Crawler  
  30  7:07  Queen  
  32  7:20  Mutalisk x3  
  38  8:26  Queen  
  35  8:52  Mutalisk  
  35  8:54  Overlord  
  35  8:55  Overlord x2  
  37  9:12  Queen  
  39  9:23  Mutalisk x2  
  39  9:24  Mutalisk x4  
  48  9:48  Queen  
  50  10:24  Queen  
  50  10:59  Queen  
  52  11:05  Mutalisk x5  
  52  11:09  Overlord  
  62  11:35  Queen  
  58  12:11  Queen  
Show
View Real Time Build Order
Export as new Build Order

Eatlead Protoss - Winner!

Build Orders: Cannon Rush 

Get SALT Encoding   

  12  0:20  Pylon  
  12  0:23  Probe (Chrono Boost)  
  13  0:33  Probe (Chrono Boost)  
  14  0:44  Probe (Chrono Boost)  
  14  0:49  Forge  
  15  0:54  Probe (Chrono Boost)  
  16  1:00  Pylon  
  16  1:05  Probe (Chrono Boost)  
  17  1:25  Photon Cannon  
  17  1:26  Photon Cannon  
  17  1:29  Pylon  
  17  1:49  Photon Cannon  
  17  1:51  Photon Cannon  
  17  2:15  Photon Cannon  
  17  2:18  Photon Cannon  
  17  2:27  Assimilator  
  17  2:30  Gateway  
  17  2:34  Pylon  
  17  2:42  Assimilator  
  17  2:50  Probe (Chrono Boost)  
  18  3:01  Probe (Chrono Boost)  
  19  3:06  Pylon  
  19  3:11  Probe (Chrono Boost)  
  20  3:22  Probe (Chrono Boost)  
  20  3:25  Cybernetics Core  
  21  3:32  Probe (Chrono Boost)  
  22  3:37  Photon Cannon  
  22  3:43  Probe (Chrono Boost)  
  22  3:44  Photon Cannon  
  23  4:02  Mothership Core (Chrono Boost)  
  25  4:12  Stargate  
  25  4:31  Photon Cannon  
  25  4:32  Photon Cannon  
  25  4:35  Pylon  
  25  4:41  Stargate  
  25  5:20  Void Ray (Chrono Boost)  
  29  5:41  Void Ray (Chrono Boost)  
  33  5:50  Nexus  
  33  6:59  Void Ray (Chrono Boost)  
  39  7:04  Void Ray (Chrono Boost)  
  39  7:13  Assimilator  
  39  7:14  Assimilator  
  39  7:28  Pylon  
  39  7:30  Pylon  
  39  7:31  Pylon  
  39  7:36  Void Ray (Chrono Boost)  
  43  7:41  Probe  
  44  7:51  Photon Cannon  
  44  7:52  Probe  
  44  7:53  Photon Cannon  
  44  7:56  Photon Cannon  
  45  8:00  Photon Cannon  
  45  8:02  Probe  
  46  8:16  Void Ray (Chrono Boost)  
  46  8:49  Void Ray (Chrono Boost)  
  46  9:40  Fleet Beacon  
  46  9:59  Photon Cannon  
  38  10:02  Photon Cannon  
  38  10:13  Phoenix (Chrono Boost)  
  40  10:20  Phoenix (Chrono Boost)  
  40  10:37  Phoenix (Chrono Boost)  
  44  10:45  Phoenix (Chrono Boost)  
  43  10:56  Probe  
  46  11:07  Phoenix (Chrono Boost)  
  46  11:08  Probe  
  47  11:20  Probe (Chrono Boost)  
  47  11:21  Tempest (Chrono Boost)  
  52  11:40  Tempest  
  54  12:18  Photon Cannon  
  54  12:19  Photon Cannon  
  54  12:21  Photon Cannon  
  54  12:26  Photon Cannon  
Tags
 
Add a new tag
Caveats
  • Supply blocks, unpowered buildings, or Contaminate may cause inaccurate times.
  • Supply counts are checked every 10 seconds.